 Dungeon Crawl Stone Soup version 0.31-a0-1576-ga3383bade6 (webtiles) character file.

Game seed: 10857252080909659102

173 Flugslaktarn the Apothecary (level 5, -1/31 HPs)
             Began as an Octopode Alchemist on Jan 4, 2024.
             Was a Follower of Wu Jian.
             Slain by Terence
             ... wielding a +0 mace
              (8 damage)
             ... on level 2 of the Dungeon.
             The game lasted 00:05:21 (1511 turns).

Flugslaktarn the Apothecary (Octopode Alchemist)    Turns: 1511, Time: 00:05:22

Health: -1/31      AC:  1    Str:  7    XL:     5   Next: 53%
Magic:  6/10       EV: 13    Int: 20    God:    Wu Jian [*.....]
Gold:   107        SH:  0    Dex: 12    Spells: 1/10 levels left

rFire   . . .        e - +2 trident (protect)
rCold   . . .        (no shield)
rNeg    . . .        (helmet restricted)
rPois   .            h - amulet of faith
rElec   .            i - ring of see invisible
rCorr   .            (no ring)
SInv    +            (no ring)
Will    .....        (no ring)
Stlth   +++          (no ring)
HPRegen 0.25/turn    (no ring)
MPRegen 0.12/turn    (no ring)
                     (no ring)

%: faith
@: no status effects
A: almost no armour, amphibious, 8 rings, camouflage 1, gelatinous body 1,
(nimble swimmer 1), tentacles
a: Renounce Religion


You were on level 2 of the Dungeon.
You worshipped Wu Jian.
Wu Jian was aware of your devotion.
You visited 2 branches of the dungeon, and saw 6 of its levels.

You collected 107 gold pieces.

Inventory:

Hand Weapons
 e - a +2 trident of protection (weapon)
   (You found it on level 3 of the Dungeon)
Jewellery
 h - an amulet of faith (around mantle)
   (You found it on level 4 of the Dungeon)
 i - a ring of see invisible (left tentacle)
   (You found it on level 2 of the Dungeon)
 m - an amulet of regeneration
   (You found it on level 2 of the Dungeon)
Wands
 g - a wand of digging (1)
   (You found it on level 3 of the Dungeon)
 k - a wand of iceblast (7)
   (You took it off Ijyb on level 3 of the Dungeon)
 l - a wand of charming (11)
   (You found it on level 2 of the Dungeon)
Scrolls
 b - 3 scrolls of poison {unknown}
 c - a scroll of fear {unknown}
 d - 2 scrolls of identify {unknown}
 j - 2 scrolls of teleportation {unknown}
Potions
 a - a potion of magic
 f - a potion of degeneration {unknown}
 q - a potion of curing


   Skills:
 - Level 2.0 Dodging
 - Level 2.6 Stealth
 + Level 3.3 Spellcasting
 - Level 1.0 Conjurations
 * Level 5.7 Alchemy


You had one spell level left.
You knew the following spells:

 Your Spells              Type           Power      Damage    Failure   Level
a - Sting                 Conj/Alch      64%        1d7       3%          1
b - Olgreb's Toxic Radia  Alch           26%        N/A       13%         4
c - Sticky Flame          Fire/Alch      14%        2d5       38%         4

Your spell library contained the following spells:

 Spells                   Type           Power      Damage    Failure   Level
 Magic Dart               Conj           28%        1d4       9%          1
 Kiss of Death            Conj/Necr      20%        2d7       11%         1
 Mercury Vapours          Alch/Air       28%        N/A       6%          2
 Searing Ray              Conj           14%        2d5       14%         2
 Mephitic Cloud           Conj/Alch/Air  12%        N/A       16%         3
 Fulminant Prism          Conj/Alch      8%         3d7       34%         4
 Confusing Touch          Hex            3%         N/A       38%         3
 Dispel Undead            Necr           3%         3d7       80%         4


Dungeon Overview and Level Annotations

Branches:
Dungeon (5/15)             Temple (1/1) D:5

Altars:
Dithmenos
Fedhas
Gozag
Hepliaklqana
Nemelex Xobeh
Okawaru
Qazlal
Ru
Sif Muna
Uskayaw
Wu Jian
Xom
Yredelemnul
Zin

Shops:
D:3 :

Annotations:
D:2 Terence


Innate Abilities, Weirdness & Mutations

You cannot wear most types of armour.
You are amphibious.
You can wear up to eight rings at the same time.
Your skin changes colour to match your surroundings (Stealth+).
Your rubbery body absorbs attacks. (AC +1, EV +1)
((You are camouflaged when in or above water. (Stealth+)))
You have tentacles for arms and can constrict up to eight enemies at once.


Message History

You finish memorising.
Spell assigned to 'c'.
An endoplasm comes into view.
An endoplasm is nearby!
Casting: Sting (safe; 3% risk of failure)
Confirm with . or Enter, or press ? or * to list all spells.
You can't see any susceptible monsters within range! (Use Z to cast anyway.)
Casting: Sting (safe; 3% risk of failure)
Confirm with . or Enter, or press ? or * to list all spells.
Aiming: Sting (safe; 3% risk of failure)
Press: ? - help, Shift-Dir - straight line, f - endoplasm
Aim: an endoplasm (asleep, 100% to hit)
The sting hits the endoplasm.
The endoplasm partially resists.
The endoplasm is heavily wounded.
The endoplasm quivers.
You lunge at the endoplasm.
You puncture the endoplasm!
Your weapon exudes an aura of protection.
You kill the endoplasm!
The Council accepts your kill.
A hobgoblin comes into view.
The hobgoblin shouts!
You hit the hobgoblin.
Your weapon exudes an aura of protection.
You grab the hobgoblin. You squeeze the hobgoblin.
You kill the hobgoblin!
The Council accepts your kill.
Casting: Sting (safe; 3% risk of failure)
Confirm with . or Enter, or press ? or * to list all spells.
You can't see any susceptible monsters within range! (Use Z to cast anyway.)
Found a stone staircase leading up.
There is a stone staircase leading up here.
You climb upwards.
The hobgoblin closely misses you.
There is a stone staircase leading down here.
You hit the hobgoblin.
Your weapon exudes an aura of protection.
Your grab misses the hobgoblin. You squeeze the hobgoblin.
The hobgoblin is almost dead.
The hobgoblin hits you.
You barely miss the hobgoblin. You grab the hobgoblin.
The hobgoblin is almost dead.
You constrict the hobgoblin, but do no damage.
The hobgoblin closely misses you.
The hobgoblin hits you but does no damage.
You hit the hobgoblin.
You kill the hobgoblin!
The Council accepts your kill.
No target in view!
There is a stone staircase leading down here.
You climb downwards.
There is a stone staircase leading up here.
As you open the door, it creaks loudly!
Found a large zirconium amulet.
There is an open door here.
m - an amulet of regeneration As you open the door, it creaks loudly!
Terence the Incautious comes into view.
He is wielding a +0 mace.
There is an open door here.
Casting: Sting (safe; 3% risk of failure)
Confirm with . or Enter, or press ? or * to list all spells.
Aiming: Sting (safe; 3% risk of failure)
Press: ? - help, Shift-Dir - straight line, f - Terence
Aim: Terence, wielding a +0 mace and wearing a +0 chain mail (wandering, hasn't noticed you, 81% to hit)
The sting hits Terence but does no damage.
Terence is poisoned.
Terence shouts!
You closely miss Terence. You grab Terence. You squeeze Terence.
Terence is lightly wounded.
You constrict Terence, but do no damage.
A bat comes into view.
Terence hits you with a +0 mace. Terence hits you with a +0 mace!
Casting: Sting (safe; 3% risk of failure)
Confirm with . or Enter, or press ? or * to list all spells.
Aiming: Sting (safe; 3% risk of failure)
Press: ? - help, Shift-Dir - straight line, f/p - Terence
Aim: Terence, wielding a +0 mace and wearing a +0 chain mail (lightly wounded, constricted by you, poisoned, 100% to hit)
The sting hits Terence.
Terence looks even sicker.
Terence is moderately wounded.
You constrict Terence. The bat hits you.
Terence shouts, "Get ready for death!"
Terence barely misses you.
Okay, then.
You release your grip on Terence.
The bat attacks as it pursues you! The bat barely misses you. x2
Casting: Sting (safe; 3% risk of failure)
Confirm with . or Enter, or press ? or * to list all spells.
Aiming: Sting (safe; 3% risk of failure)
Press: ? - help, Shift-Dir - straight line, f/p - Terence
Aim: Terence, wielding a +0 mace and wearing a +0 chain mail (moderately wounded, very poisoned, 81% to hit)
The sting misses Terence.
The bat barely misses you. Terence hits you with a +0 mace!
* * * LOW HITPOINT WARNING * * *
Casting: Sting (safe; 3% risk of failure)
Confirm with . or Enter, or press ? or * to list all spells.
Aiming: Sting (safe; 3% risk of failure)
Press: ? - help, Shift-Dir - straight line, f/p - Terence
Aim: Terence, wielding a +0 mace and wearing a +0 chain mail (heavily wounded, very poisoned, 81% to hit)
The sting hits Terence.
Terence looks even sicker.
Terence is severely wounded.
The bat barely misses you. Terence hits you with a +0 mace!
You die...
Terence says, "That felt goooood."

#.........####...##.##
..........'...........
#.#......####...##.##
#.....## ##.###.#
#....## ### #.# #...##
#.# #.'## ... #..# ...
#.@# ... #b@# #...#
......# ###...## .....
#####.. ##


You could see Terence (very poisoned) and a bat.

Vanquished Creatures
  A hound (D:4)
  Ijyb (D:3)
  An iguana (D:4)
  An orc wizard (D:3)
  2 adders
  A ribbon worm (D:3)
  A dart slug (D:4)
  4 orcs
  2 ball pythons
  3 bats
  6 endoplasms
  A giant cockroach (D:2)
  5 hobgoblins
  2 quokkas (D:3)
  2 frilled lizards (D:2)
  5 goblins
  3 kobolds
  2 rats
43 creatures vanquished.

Notes
Turn   | Place    | Note
-------+----------+-------------------------------------------
     0 | D:1      | Flugslaktarn the Octopode Alchemist began the quest for the
                  | Orb.
     0 | D:1      | Reached XP level 1. HP: 11/11 MP: 3/3
   101 | D:4      | Found a shadowy altar of Dithmenos.
   123 | D:4      | Found a hide-covered altar of Uskayaw.
   140 | D:4      | Noticed a hound
   146 | D:4      | Killed a hound
   147 | D:4      | Reached skill level 4 in Alchemy
   147 | D:4      | Reached XP level 2. HP: 17/17 MP: 0/5
   147 | D:4      | Reached XP level 3. HP: 21/21 MP: 0/6
   247 | D:5      | Entered Level 5 of the Dungeon
   284 | D:5      | Found a staircase to the Ecumenical Temple.
   291 | Temple   | Entered the Ecumenical Temple
   320 | Temple   | Became a worshipper of the Wu Jian Council
   390 | D:4      | Reached XP level 4. HP: 11/27 MP: 4/8
   395 | D:4      | Learned a level 4 spell: Olgreb's Toxic Radiance
   696 | D:3      | Reached skill level 5 in Alchemy
   763 | D:3      | Found Qitigall's Book Boutique.
   822 | D:3      | Noticed Ijyb
   852 | D:3      | Killed Ijyb
   853 | D:3      | Reached XP level 5. HP: 23/31 MP: 7/9
   874 | D:3      | Reached * piety under Wu Jian
  1261 | D:1      | Found a faded altar of an unknown god.
  1444 | D:2      | Learned a level 4 spell: Sticky Flame
  1502 | D:2      | Noticed Terence
  1511 | D:2      | Slain by Terence

Illustrated notes

Levels and vault maps discovered:
D:1:      dpeg_arrival_water_altar, layout_loops_ring,
          hellmonk_ecumenical_altar_heavens_door
D:2:      layout_loops_corners, minmay_door_square, minivault_27,
          kennysheep_path_1, uniq_terence
D:3:      layout_basic, lemuel_coloured_pillars_altar, serial_curves,
          eino_curves_02, eino_curves_02, serial_shops,
          nicolae_shop_temple_entry_statues_fountains, kennysheep_another_room,
          uniq_natasha, uniq_ijyb
D:4:      layout_basic, eat_drink_and_be_merry_uskayaw,
          grunt_dithmenos_smoke_and_mirrors, minivault_24
D:5:      layout_basic, tgw_kikubaaqudgha, temple_green, serial_glass,
          glass_columns_b, glass_columns_a, feat_on_display,
          gammafunk_ghost_stat_death
Temple:   nicolae_temple_godzebo

Skill      XL: |  1  2  3  4 |
---------------+-------------+-----
Alchemy        | 4 5 |  5.7
Spellcasting   | 3 |  3.3
Dodging        | |  2.0
Stealth        | |  2.6
Conjurations   | |  1.0

Action                     |  1- 3 |  4- 6 || total
---------------------------+-------+-------++-------
  Melee: Trident           |     5 |    34 ||    39
         Unarmed           |     3 |       ||     3
         Constrict         |     4 |     7 ||    11
         Tentacles         |     3 |     9 ||    12
   Cast: Sting             |     9 |    47 ||    56
Ability: Lunge             |       |     5 ||     5
         Whirlwind         |       |     5 ||     5
    Use: Potion            |       |     2 ||     2
   Stab: Sleeping          |       |     2 ||     2
         Distracted        |       |     1 ||     1
 Armour: Skin              |     3 |    34 ||    37
  Dodge: Dodged            |     7 |    24 ||    31

Table legend: (Time is in decaauts)
 A = Elapsed time spent in this place.
 B = Non-inter-level travel time spent in this place.
 C = Inter-level travel time spent in this place.
 D = Time resting spent in this place.
 E = Time spent auto-exploring this place.
 F = Levels seen in this place.
 G = Mean time per level.
                   A        B        C        D        E       F      G
               +--------+--------+--------+--------+--------+-----+--------+
         Total |   1519 |   1394 |    125 |     28 |    216 |   6 |  253.2 |
       Dungeon |   1460 |   1391 |     69 |     28 |    216 |   5 |  292.0 |
        Temple |     58 |      2 |     56 |      0 |      0 |   1 |   58.0 |
               +--------+--------+--------+--------+--------+-----+--------+

Top non-repeatable levels by time:
     D:3: 552 daAuts
     D:2: 402 daAuts
     D:4: 320 daAuts
     D:1: 107 daAuts
     D:5: 77 daAuts
  Temple: 58 daAuts
